 Dungeon Crawl Stone Soup version 0.21.1-1-g345015f (webtiles) character file.

1754 letownia2 the Frost Mage (level 9, -2/41 HPs)
             Began as a Vine Stalker Ice Elementalist on Feb 24, 2018.
             Was a Believer of Sif Muna.
             Slain by a gnoll
             ... wielding a +0 halberd
              (6 damage)
             ... in a bailey.
             The game lasted 00:19:05 (2183 turns).

letownia2 the Frost Mage (VSIE)                     Turns: 2183, Time: 00:19:05

Health: -2/41      AC:  4    Str: 12    XL:     9   Next: 6%
Magic:  0/16       EV:  6    Int: 18    God:    Sif Muna [**....]
Gold:   168        SH:  0    Dex: 14    Spells: 3/17 levels left

rFire    . . .     SeeInvis .   a - +2 long sword (holy)
rCold    + . .     Gourm    .   (no shield)
rNeg     . . .     Faith    .   o - +0 troll leather armour {Purgy}
rPois    .         Spirit   +   (no helmet)
rElec    .         Reflect  .   (no cloak)
rCorr    .         Harm     .   (no gloves)
MR       +....                  (no boots)
Stlth    ++........             (no amulet)
HPRegen  0.93/turn              e - ring of ice
MPRegen  0.15/turn              x - ring of protection from fire

@: about to teleport, held
A: fangs 3, regeneration 1, magic shield, antimagic bite, no potion heal 3, rot
immunity
a: Divine Energy, Renounce Religion


You were in a bailey.
You worshipped Sif Muna.
Sif Muna was pleased with you.
You were hungry.

You visited 1 branch of the dungeon, and saw 8 of its levels.
You also visited: Sewer and Bailey.

You collected 168 gold pieces.

Inventory:

Hand Weapons
 a - a +2 long sword of holy wrath (weapon)
 d - a -2 spear of flaming
 m - a +0 blowgun
 B - a +1 short sword of holy wrath
 F - a cursed -3 spear
Missiles
 l - 7 poisoned needles
 q - 7 bolts
 A - 3 javelins
 G - 4 throwing nets (quivered)
Armour
 h - a +0 robe
 o - a +0 troll leather armour (worn) {Purgy}
 C - a +0 cloak
 H - a cursed +0 scale mail
 I - a +3 scale mail
Jewellery
 e - a ring of ice (left hand)
 x - a ring of protection from fire (right hand)
Wands
 s - a wand of polymorph (17)
 D - a wand of disintegration (6)
Scrolls
 f - a scroll of fog
 p - a scroll of remove curse
 u - a scroll of blinking {unknown}
 v - a scroll of silence {unknown}
 w - a scroll of teleportation
 y - 6 scrolls of identify {unknown}
Potions
 g - 2 potions of mutation {unknown}
 i - a potion of heal wounds {unknown}
 k - a potion of flight
 n - 3 potions of agility
 r - a potion of might {unknown}
 t - a potion of lignification {unknown}
 z - a potion of curing {unknown}
Books
 b - a book of Frost

   Spells                             Type                      Level
   a - Freeze                         Ice                          1
   b - Throw Frost                    Conjuration/Ice              2
   c - Ozocubu's Armour               Charms/Ice                   3
   d - Throw Icicle                   Conjuration/Ice              4
   e - Summon Ice Beast               Ice/Summoning                4
 j - Sif Muna's Papyrus of Execration
   (You found it on level 4 of the Dungeon)

   Spells                             Type                      Level
   a - Corona                         Hexes                        1
Comestibles
 c - 6 rations
 E - 10 chunks of flesh


   Skills:
 + Level 1.2 Fighting
 - Level 1.1 Armour
 - Level 1.8 Dodging
 - Level 2.4 Stealth
 + Level 4.6 Spellcasting
 + Level 2.4 Conjurations
 - Level 3.4 Charms
 - Level 3.8 Summonings
 - Level 8.5 Ice Magic
 - Level 1.2 Evocations


You had 3 spell levels left.
You knew the following spells:

 Your Spells              Type           Power        Failure   Level  Hunger
a - Freeze                Ice            ####         1%          1    None
d - Throw Icicle          Conj/Ice       #####...     19%         4    ####...
f - Throw Frost           Conj/Ice       #####.       2%          2    #......
i - Summon Ice Beast      Ice/Summ       #####...     14%         4    ####...
o - Ozocubu's Armour      Chrm/Ice       #####...     4%          3    ###....


Dungeon Overview and Level Annotations

Branches:
Dungeon (8/15)             Temple (0/1) D:7
   Lair: D:8-11

Altars:
Sif Muna


Innate Abilities, Weirdness & Mutations

You have razor-sharp teeth.
Your natural rate of healing is unusually fast.
When hurt, damage is shared between your health and your magic reserves.
Your bite disrupts and absorbs the magic of your enemies.
Potions cannot restore your health.
You are immune to rotting.


Message History

You see here a throwing net.
You can't close doors while held in a net.
Unknown command.
You tear a large gash into the net.
You are engulfed in a cloud of scalding steam.
* * * LOW HITPOINT WARNING * * *
The gnoll barely misses you.
The gnoll is engulfed in a cloud of scalding steam.
The gnoll hits you but does no damage.
The gnoll hits you from afar with a halberd.
* * * LOW HITPOINT WARNING * * *
Unknown command.
As you read the scroll of teleportation, it crumbles to dust.
You feel strangely unstable.
You are engulfed in a cloud of scalding steam.
* * * LOW HITPOINT WARNING * * *
The gnoll is engulfed in a cloud of scalding steam.
The gnoll barely misses you.
The gnoll hits you from afar with a halberd.
You die...

♣♣≈≈.. ♣.≈%.# ♣♣.≈..#
♣♣..≈..# ♣...≈..# #####
♣...≈..# ##...##
♣♣...≈..######.....## '##.
#♣♣♣....)..§§§)#g).g...#g....
#∩.)).†)...).§@D§gg8...'g....
#♣♣♣)..)..§'§§§#gg.....#.....
♣♣...≈..######.....## ##.
♣♣..≈..# ##...## ♣..≈..#
##### ♣..≈..# ♣♣.≈..#
♣.≈..### ♣♣≈≈...#


You could see a steam dragon, a gnoll sergeant and 5 gnolls.

Vanquished Creatures
  Grinder (D:6)
  A steam dragon (D:8)
  2 sky beasts (D:7)
  Purgy (Sewer)
  An ice beast (D:7)
  An ogre (D:8)
  2 wolves (D:8)
  A crocodile (D:6)
  3 scorpions
  A crimson imp (D:7)
  A bullfrog zombie (D:5)
  2 hounds
  An orc priest (D:6)
  A jelly (D:6)
  A gnoll shaman (Bailey)
  An iguana (D:8)
  5 orc wizards
  7 gnolls
  An adder (D:4)
  4 river rats (D:3)
  An adder zombie (D:8)
  A dart slug (D:2)
  6 orcs
  A bat (D:2)
  3 giant cockroaches
  4 goblins
  A hobgoblin (D:3)
  4 jackals
  3 kobolds (Sewer)
  5 rats
67 creatures vanquished.

Vanquished Creatures (collateral kills)
  A gnoll sergeant (Bailey)
  A hound (Bailey)
  4 gnolls (Bailey)
6 creatures vanquished.

Grand Total: 73 creatures vanquished

Notes
Turn   | Place    | Note
-------+----------+-------------------------------------------
     0 | D:1      | letownia2 the Vine Stalker Ice Elementalist began the quest for the Orb.
     0 | D:1      | Reached XP level 1. HP: 9/9 MP: 4/4
   208 | D:3      | Reached XP level 2. HP: 13/13 MP: 4/6
   290 | D:3      | Reached skill level 4 in Ice Magic
   302 | D:3      | Reached XP level 3. HP: 16/16 MP: 3/7
   310 | D:3      | Learned a level 3 spell: Ozocubu's Armour
   342 | D:3      | Found a glowing drain.
   370 | Sewer    | Entered a sewer
   584 | Sewer    | Gained mutation: Your natural rate of healing is unusually fast. [Vine Stalker growth]
   584 | Sewer    | Reached XP level 4. HP: 10/21 MP: 1/8
   657 | Sewer    | Noticed Purgy
   676 | Sewer    | Killed Purgy
   676 | Sewer    | Reached skill level 5 in Ice Magic
   676 | Sewer    | Reached XP level 5. HP: 20/24 MP: 1/9
   815 | D:4      | Learned a level 2 spell: Throw Frost
   840 | D:4      | Reached skill level 1 in Charms
  1009 | D:4      | Found a deep blue altar of Sif Muna.
  1017 | D:4      | Became a worshipper of Sif Muna the Loreminder
  1022 | D:4      | Reached XP level 6. HP: 28/28 MP: 3/10
  1039 | D:4      | Identified Sif Muna's Papyrus of Execration
  1047 | D:5      | Entered Level 5 of the Dungeon
  1114 | D:6      | Reached skill level 6 in Ice Magic
  1158 | D:6      | Noticed Grinder
  1171 | D:6      | Killed Grinder
  1171 | D:6      | Reached skill level 7 in Ice Magic
  1171 | D:6      | Reached XP level 7. HP: 23/32 MP: 5/11
  1264 | D:6      | Learned a level 4 spell: Summon Ice Beast
  1375 | D:6      | Reached * piety under Sif Muna
  1460 | D:6      | Reached skill level 1 in Summonings
  1566 | D:7      | Found a staircase to the Ecumenical Temple.
  1614 | D:7      | Gained mutation: You have razor-sharp teeth. [Vine Stalker growth]
  1614 | D:7      | Reached XP level 8. HP: 31/36 MP: 0/14
  1665 | D:8      | Learned a level 4 spell: Throw Icicle
  1673 | D:8      | Noticed Maurice
  1678 | D:8      | Noticed Maurice
  1678 | D:8      | Maurice changed into Maurice the steam dragon
  1687 | D:8      | Killed Maurice the steam dragon
  1710 | D:8      | Noticed Grum
  1728 | D:8      | Reached skill level 1 in Fighting
  1728 | D:8      | Reached skill level 1 in Armour
  1728 | D:8      | Reached skill level 1 in Evocations
  1892 | D:7      | Noticed Grum
  1892 | D:7      | Grum changed into Grum the scorpion
  1902 | D:7      | Killed Grum the scorpion
  1926 | D:7      | Reached ** piety under Sif Muna
  1975 | D:8      | Reached skill level 8 in Ice Magic
  2009 | D:8      | Found a flagged portal.
  2019 | Bailey   | Entered a bailey
  2025 | Bailey   | Reached XP level 9. HP: 33/41 MP: 3/16
  2183 | Bailey   | Slain by a gnoll

Skill      XL: |  1  2  3  4  5  6  7  8 |
---------------+-------------------------+-----
Ice Magic      | 4 5 7 8 |  8.5
Charms         | 2 3 |  3.4
Spellcasting   | 3 4 |  4.6
Summonings     | 2 3 |  3.8
Fighting       | 1 |  1.2
Armour         | 1 |  1.1
Evocations     | 1 |  1.2
Conjurations   | 2 |  2.4
Dodging        | |  1.8
Stealth        | |  2.4

Action                   |  1- 3 |  4- 6 |  7- 9 || total
-------------------------+-------+-------+-------++-------
Melee: Unarmed           |     2 |     1 |       ||     3
       Bite              |     2 |     7 |    29 ||    38
       Long sword        |       |    20 |    76 ||    96
Throw: Javelin           |    17 |    10 |     8 ||    35
       Throwing net      |       |       |     2 ||     2
 Cast: Freeze            |    26 |    14 |    50 ||    90
       Ozocubu's Armour  |       |     5 |    14 ||    19
       Throw Frost       |       |     6 |       ||     6
       Summon Ice Beast  |       |       |     4 ||     4
       Throw Icicle      |       |       |     1 ||     1
Evoke: Wand              |       |       |    15 ||    15
  Use: Scroll            |       |     5 |     2 ||     7
       Potion            |       |     2 |       ||     2
 Stab: Sleeping          |       |       |     1 ||     1
  Eat: Chunk             |       |     2 |     6 ||     8
Armor: Robe              |     7 |     6 |       ||    13
       Troll leather arm |       |    12 |    58 ||    70
Dodge: Dodged            |    15 |    26 |   137 ||   178
       Rpst.: Long sword |       |     5 |    25 ||    30
